 Dungeon Crawl Stone Soup version 0.24-a0-423-g6870c0f642 (webtiles) character file.

Game seed: 9863013971985983173

65 LabCoat the Chopper (level 4, 0/40 HPs)
             Began as a Hill Orc Fighter on June 13, 2019.
             Succumbed to an adder's poison
             ... on level 2 of the Dungeon.
             The game lasted 00:06:12 (1333 turns).

LabCoat the Chopper (Hill Orc Fighter)              Turns: 1333, Time: 00:06:12

Health: 0/40       AC:  7    Str: 23    XL:     4   Next: 13%
Magic:  4/4        EV:  7    Int:  8    God:
Gold:   95         SH:  9    Dex: 11    Spells: 3/3 levels left

rFire    . . .     SeeInvis .   a - +0 war axe
rCold    . . .     Gourm    .   c - +0 shield
rNeg     . . .     Faith    .   b - +0 scale mail
rPois    .         Spirit   .   (no helmet)
rElec    .         Reflect  .   (no cloak)
rCorr    .         Harm     .   (no gloves)
MR       .....                  (no boots)
Stlth    ..........             (no amulet)
HPRegen  0.13/turn              (no ring)
MPRegen  0.09/turn              (no ring)

@: mighty, lethally poisoned (0 -> -1), hasted, very quick
A: no striking features
a: no special abilities


You were on level 2 of the Dungeon.
You were hungry.

You visited 1 branch of the dungeon, and saw 2 of its levels.

You collected 95 gold pieces.

Inventory:

Hand Weapons
 a - a +0 war axe (weapon)
 j - a +1 whip
Armour
 b - a +0 scale mail (worn)
 c - a +0 shield (worn)
Jewellery
 h - a +5 ring of protection {unknown}
Scrolls
 l - a scroll of fog
Potions
 e - a potion of cancellation
Comestibles
 f - 6 rations
 g - 2 chunks of flesh


   Skills:
 + Level 4.0 Fighting
 * Level 4.2 Axes
 + Level 3.7 Armour
 + Level 3.9 Shields


You had 3 spell levels left.
You didn't know any spells.
Your spell library was empty.

Dungeon Overview and Level Annotations

Branches:
Dungeon (2/15)

Altars:
Qazlal
Wu Jian


Message History

You feel sick.
There is a stone staircase leading down here.
* * * LOW HITPOINT WARNING * * *
You feel sick.
You see here 7 gold pieces.
* * * LOW HITPOINT WARNING * * *
You feel sick.
* * * LOW HITPOINT WARNING * * *
You feel sick.
A kobold comes into view. It is wielding a +0 dagger of freezing.
The kobold shouts!
The kobold throws a stone.
The stone closely misses you.
You see here a stone.
Okay, then.
The kobold throws a stone.
You block the stone.
You see here a stone.
* * * LOW HITPOINT WARNING * * *
You feel sick.
Some of the chunks of flesh in your inventory have rotted away.
You die...

#.# #.# ..## .....# ##.#
#.# #..## .# #..# # #..#
#(# #...#.# #..###.#..
#.## #.######....#
#..)[..... #># #.(.......#
#...####.# #.# #..#####.##
#####.#.# .# #.#
#...K....# .)....#.## #.#
#.#
##.#####.#####.###...##...
##.# ...
#.@##.............. #..#
..K #.........#.÷÷##...
#.## #...#
####..#......(÷)... #.###
..... ..#...##.######
#.#.. .....##.# #.#.# ..
...#....# #.#.#
....#####..# #.#.# ...
#.<..# #.#.#### #.# #.##.#


There were no monsters in sight!

Vanquished Creatures
  2 adders (D:2)
  A worm (D:2)
  A leopard gecko (D:2)
  8 bats
  A giant cockroach (D:2)
  2 goblins (D:2)
  6 hobgoblins
  4 jackals (D:2)
  6 kobolds
  A quokka (D:2)
  2 ball pythons
  2 frilled lizards
  5 rats
41 creatures vanquished.

Notes
Turn   | Place    | Note
-------+----------+-------------------------------------------
     0 | D:1      | LabCoat the Hill Orc Fighter began the quest for the Orb.
     0 | D:1      | Reached XP level 1. HP: 19/19 MP: 1/1
   116 | D:1      | Reached XP level 2. HP: 24/27 MP: 2/2
   746 | D:2      | Reached XP level 3. HP: 31/33 MP: 3/3
   820 | D:2      | Found an ornate altar of the Wu Jian Council.
  1003 | D:2      | Found a stormy altar of Qazlal.
  1299 | D:2      | Reached XP level 4. HP: 7/40 MP: 4/4
  1312 | D:2      | HP: 2/40 [poisoned by an adder]
  1317 | D:2      | HP: 2/40 [poisoned by an adder]
  1327 | D:2      | HP: 1/40 [poisoned by an adder]
  1333 | D:2      | Succumbed to an adder's poison

Levels and vault maps discovered:
D:1:      tarquinn_simple_flora_water_a, layout_loops_ring
D:2:      layout_loops_ring, grunt_qazlal_sundering, lemuel_round_altar

Skill      XL: |  1  2  3 |
---------------+----------+-----
Axes           | 3 4 |  4.2
Fighting       | 4 |  4.0
Armour         | |  3.7
Shields        | |  3.9

Action                   |  1- 3 |  4- 6 || total
-------------------------+-------+-------++-------
Melee: War axe           |   141 |       ||   141
  Use: Scroll            |     5 |       ||     5
       Potion            |     1 |     1 ||     2
  Eat: Chunk             |     1 |       ||     1
Armor: Scale mail        |    82 |       ||    82
Dodge: Dodged            |    47 |     1 ||    48
Block: Shield            |    84 |     1 ||    85

Table legend:
 A = Non-vault XP
 B = Vault XP
 C = Vault XP percentage of total XP
 D = Non-vault monster count
 E = Vault monster count
 F = Vault count percentage of total count
                 A         B        C        D         E       F
            +---------+---------+-------+---------+---------+-------
      Total |      93 |       0 |   0.0 |      41 |       0 |   0.0
            +---------+---------+-------+---------+---------+-------
        D:1 |      27 |       0 |   0.0 |      18 |       0 |   0.0
        D:2 |      66 |       0 |   0.0 |      23 |       0 |   0.0
            +---------+---------+-------+---------+---------+-------
